 Dungeon Crawl Stone Soup version 0.30-a0-223-gcb0039aa0c (webtiles) character file.

Game seed: 17547033284320304368

134647 qw the Peltast (level 17, -11/106 HPs)
             Began as a Gargoyle Fighter on Oct 9, 2022.
             Was a High Priest of Okawaru.
             Mangled by a pharaoh ant (17 damage)
             ... on level 3 of the Spider Nest.
             The game lasted 00:13:07 (30401 turns).

qw the Peltast (Gargoyle Fighter)                  Turns: 30401, Time: 00:13:08

Health: -11/106    AC: 50    Str: 26 (27) XL:     17   Next: 17%
Magic:  19/24      EV: 25    Int: 10      God:    Okawaru [*****.]
Gold:   291        SH: 20    Dex:  8 (9)  Spells: 16/16 levels left

rFire   + . .      SeeInvis +    Y - +3 broad axe (freeze)
rCold   . . .      Faith    .    a - +0 tower shield
rNeg    + . .      Spirit   .    x - +2 plate armour {rPois}
rPois   inf        Reflect  .    v - +0 helmet
rElec   +          Harm     .    p - +2 cloak of the Everdark {rF+ Stlth+}
rCorr   .          Rampage  .    c - +2 pair of gloves
Will    +....                    j - +2 pair of boots
Stlth   ..........               b - amulet of the acrobat
HPRegen 0.37/turn                A - +4 ring of protection
MPRegen 0.19/turn                r - ring of see invisible

@: heroic, finesse-ful, acrobatic, flying
A: sickness immunity, AC +12, big wings, negative energy resistance 1,
electricity resistance, torment resistance 1, petrification resistance
a: Renounce Religion, Heroism, Finesse, Duel


You were on level 3 of the Spider Nest.
You worshipped Okawaru.
Okawaru was extremely pleased with you.
You visited 5 branches of the dungeon, and saw 26 of its levels.

You collected 2561 gold pieces.
You spent 2270 gold pieces at shops.


Innate Abilities, Weirdness & Mutations

You are immune to sickness and miasma.
Your stone body is resilient. (AC +12)
You are immune to poison.
Your large and strong wings let you fly.
You resist negative energy. (rN+)
You are resistant to electric shocks. (rElec)
You are resistant to unholy torment.
You are immune to petrification.


   Skills:
 - Level 12.0(17.0) Fighting
 - Level 16.4(21.4) Axes
 + Level 6.0(11.0) Throwing
 - Level 13.0(18.0) Armour
 - Level 5.1(10.1) Dodging
 - Level 17.0(22.0) Shields
 - Level 10.0 Invocations


You had 16 spell levels left.
You didn't know any spells.
Your spell library was empty.

Inventory:

Hand Weapons
 e - a +1 war axe of holy wrath
 q - a +1 war axe of flaming
 Y - a +3 broad axe of freezing (weapon)
Missiles
 u - a silver javelin (quivered)
 y - a boomerang of dispersal
Armour
 a - a +0 tower shield (worn)
 c - a +2 pair of gloves (worn)
 f - the +3 hat of Pondering {ponderous, Will+ MP+10 Int+5}
   (You took it off Gastronok on level 9 of the Dungeon)

   Int:       It affects your intelligence (+5).
   MP:        It affects your magic capacity (+10).
   Will:      It increases your willpower.
 j - a +2 pair of boots (worn)
 m - a +1 chain mail of fire resistance
 p - the +2 cloak of the Everdark (worn) {rF+ Stlth+}
   (Okawaru gifted it to you on level 4 of the Lair of Beasts)

   rF:        It protects you from fire.
   Stlth:     It makes you more stealthy.
 s - the +6 scale mail "Loageta" {rCorr SInv}
   (Okawaru gifted it to you on level 14 of the Dungeon)

   SInv:      It lets you see invisible.
   rCorr:     It protects you from acid and corrosion.
 t - the +8 kite shield of Wisdom {rCorr Str-5 Dex+5 Stlth+}
   (You acquired it on level 4 of the Lair of Beasts)

   Str:       It affects your strength (-5).
   Dex:       It affects your dexterity (+5).
   rCorr:     It protects you from acid and corrosion.
   Stlth:     It makes you more stealthy.
 v - a +0 helmet (worn)
 x - a +2 plate armour of poison resistance (worn)
 C - a +2 cloak of willpower
Jewellery
 b - an amulet of the acrobat (around neck)
 i - a ring of fire
 n - a ring of resist corrosion
 o - a +6 ring of dexterity
 r - a ring of see invisible (right hand)
 A - a +4 ring of protection (left hand)
Wands
 z - a wand of digging (3)
Scrolls
 g - 13 scrolls of identify
Potions
 d - 4 potions of might
 h - 8 potions of mutation
 k - 5 potions of lignification
 l - 2 potions of attraction
 w - a potion of magic
 B - a potion of cancellation
 D - 2 potions of curing

Dungeon Overview and Level Annotations

Branches:
Dungeon (15/15)            Temple (1/1) D:7            Lair (5/5) D:8
  Swamp (0/4) Lair:2       Spider (3/4) Lair:2        Slime (0/5) Lair:4
    Orc (2/2) D:11            Elf (0/3) Orc:2        Vaults (0/5) D:14
 Depths (0/4) D:15

Altars:
Ashenzari
Cheibriados
Dithmenos
Elyvilon
Fedhas
Gozag
Hepliaklqana
Kikubaaqudgha
Makhleb
Nemelex Xobeh
Okawaru
Qazlal
Ru
Sif Muna
Trog
Uskayaw
Vehumet
Wu Jian
Xom
Yredelemnul
Zin
The Shining One

Shops:
D:13 =   Orc:1 *   Orc:2 ![[*

Annotations:
D:7 1 runed translucent door, Crazy Yiuf
D:10 2 runed translucent doors, reggie's ghost, journeyman CeHu
Lair:4 1 runed translucent door


Message History

The meliai barely misses you.
The meliai stings you but does no damage.
The spark wasp stings you but does no damage.
You closely miss the spark wasp.
The spark wasp is heavily wounded.
You hit the meliai. You freeze the meliai.
The meliai calls down the wrath of its god upon you.
Something smites you! You block the spark wasp's attack.
You hear a faint skittering sound.
You slash the spark wasp! You freeze the spark wasp.
The spark wasp is almost dead.
You slash the meliai! You freeze the meliai. The meliai closely misses you.
You block the meliai's attack. You block the spark wasp's attack.
The meliai hits you but does no damage.
The meliai stings you but does no damage.
You slice the spark wasp!! You freeze the spark wasp.
You kill the spark wasp!
Okawaru accepts your kill.
You hit the meliai. You freeze the meliai.
An orb spider comes into view.
You block the meliai's attack. x2
30397 ||| INVOKING Finesse.
You can now deal lightning-fast blows.
You block the meliai's attack. x2; The meliai hits you but does no damage.
The meliai stings you.
You barely miss the meliai.
The meliai is heavily wounded.
A redback comes into view.
The meliai hits you but does no damage. You block the meliai's attack.
You miss the meliai.
The meliai is heavily wounded.
You block the meliai's attack. The meliai barely misses you.
A redback comes into view.
You slash the meliai! You freeze the meliai.
You kill the meliai!
Okawaru accepts your kill.
Your base Shields skill increases to level 17!
Found 7 stones.
You block the pharaoh ant's attack. The pharaoh ant bites you!
You die...

... . ... .. #
.. .#... ###
s.#. #..#
#.##.s ...#
#...sB###s.#
....##@s...#
#..^.%#...#
..$....#%..###
..#..#^..#.#.#
.......( ....#
..............#
#..#..#... .###
##.#...##....
..## ..


You could see an orb spider, a pharaoh ant and 4 redbacks.

Vanquished Creatures
  Rupert (D:14)
  Gastronok (D:9)
  Kirke (D:13)
  4 emperor scorpions
  A frost giant (D:14)
  2 ghost moths (Spider:2)
  A broodmother (Spider:2)
  Nessos (Orc:2)
  A dire elephant (Lair:5)
  2 spark wasps
  An ettin (Orc:2)
  2 fire dragons (D:15)
  An entropy weaver (Spider:2)
  7 hydras
  Erica (Orc:1)
  An anaconda (Lair:5)
  3 catoblepae
  7 two-headed ogres
  8 centaur warriors
  4 boulder beetles
  2 radroaches (Spider:2)
  A deep troll shaman (Lair:5)
  8 death yaks
  An orc high priest (Orc:2)
  A tengu warrior (D:14)
  Urug (Orc:2)
  Amaemon (D:9)
  14 skeletal warriors
  A steelbarb worm (Spider:1)
  2 orb spiders (Spider:1)
  Pikel (D:7)
  10 orc knights
  A bog body (Lair:2)
  3 orc sorcerers
  5 deep elf pyromancers
  7 wolf spiders
  A deep elf zephyrmancer (D:14)
  An ugly thing (D:14)
  8 cyclopes
  4 manticores
  2 black mambas
  7 elephants
  Maurice (D:9)
  Joseph (D:9)
  6 torpor snails
  An orange demon (D:9)
  An unseen horror (D:12)
  A cane toad (shapeshifter) (D:15)
  3 freezing wraiths
  7 cane toads
  An efreet (D:14)
  A yaktaur (D:14)
  A kobold demonologist (D:9)
  13 rime drakes
  A tengu conjurer (D:14)
  3 komodo dragons
  2 demonic crawlers (Spider:1)
  2 polar bears (Lair:5)
  7 trolls
  10 meliai
  A queen bee (Lair:2)
  3 hornets
  9 blink frogs
  7 tarantellas
  13 slime creatures
  2 dream sheep (Lair:5)
  12 saltlings (Orc:2)
  12 culicivoras
  26 jumping spiders
  4 shadows
  A culicivora (shapeshifter) (D:15)
  4 wraiths
  A vampire (D:12)
  47 yaks
  12 basilisks
  19 humans
  A golden eye (shapeshifter) (D:13)
  3 hogs (D:13)
  Grum (Lair:1)
  9 wyverns
  Menkaure (D:7)
  3 vampire mosquitoes (D:11)
  51 redbacks
  4 wargs
  A swamp worm (Lair:2)
  20 water moccasins
  3 acid dragons
  23 orc warriors
  A sky beast (D:6)
  3 black bears
  3 ice beasts
  19 wolves
  9 centaurs
  6 ogres
  3 lemures (D:6)
  5 kobold brigands
  7 bullfrogs
  A gnoll sergeant (D:8)
  A wyvern zombie (D:7)
  2 necrophages
  A scorpion (D:5)
  6 wights (D:7)
  18 killer bees
  2 howler monkeys (D:12)
  An electric eel (Lair:2)
  3 centaur zombies (D:7)
  11 orc priests
  A hound (D:7)
  Jessica (D:3)
  3 iguanas
  16 orc wizards
  Natasha (D:4)
  12 hell rats (Lair:4)
  4 killer bee zombies (D:7)
  2 howler monkey zombies (D:7)
  3 gnolls (D:8)
  6 adders
  A shadow imp (D:6)
  2 ufetubi
  3 dart slugs
  67 orcs
  2 endoplasms (D:1)
  3 giant cockroaches
  5 goblins
  9 hobgoblins
  5 quokkas
  5 ball pythons
  4 bats
  4 frilled lizards
  31 kobolds
  7 rats
  6 pillars of salt (Orc:2)
792 creatures vanquished.

Vanquished Creatures (others)
  30 fungi
  37 plants
  2 withered plants (D:7)
69 creatures vanquished.

Grand Total: 861 creatures vanquished

Notes
Turn   | Place    | Note
-------+----------+-------------------------------------------
     0 | D:1      | qw the Gargoyle Fighter began the quest for the Orb.
     0 | D:1      | Reached XP level 1. HP: 14/14 MP: 1/1
     0 | D:1      | 0 ||| qw: Version: 0.2-a-17-g06abaee
     0 | D:1      | 0 ||| qw: Game counter: 2215
     0 | D:1      | 0 ||| qw: Always use a shield: true
     0 | D:1      | 0 ||| qw: God list: Okawaru
     0 | D:1      | 0 ||| qw: Allow faded altars: false
     0 | D:1      | 0 ||| qw: Do Orc after D:15 true
     0 | D:1      | 0 ||| qw: Do second Lair branch before Depths: true
     0 | D:1      | 0 ||| qw: Lair rune preference: random
     0 | D:1      | 0 ||| qw: Plans: Normal, Zot:1-4, God:TSO, Crypt, Tomb,
                  | Pan, Slime:5, Hells, Abyss, Orb
     0 | D:1      | 0 ||| PLANNING D:1-11
   198 | D:1      | 198 ||| Stepping ~*~*~tactically~*~*~ (stealth).
   200 | D:1      | 200 ||| Stepping ~*~*~tactically~*~*~ (stealth).
   201 | D:1      | 201 ||| Stepping ~*~*~tactically~*~*~ (stealth).
   202 | D:1      | 202 ||| Stepping ~*~*~tactically~*~*~ (stealth).
   211 | D:1      | Reached XP level 2. HP: 8/19 MP: 2/2
   266 | D:1      | 266 ||| SWAPPING to +0 broad axe.
   267 | D:1      | 267 ||| DROPPING +0 war axe.
   487 | D:1      | Reached skill level 3 in Axes
   798 | D:1      | 798 ||| READING 3 scrolls labelled CANIHUPREA.
   799 | D:1      | 799 ||| READING scroll labelled JITHRO OSIRYO.
   800 | D:1      | 800 ||| DRINKING 2 black potions.
   862 | D:2      | Reached XP level 3. HP: 17/23 MP: 3/3
   965 | D:2      | 965 ||| FLEEEEING.
   974 | D:2      | 974 ||| STAIRDANCE
   983 | D:1      | 983 ||| READING scroll labelled TESIVVIRUAMU.
  1200 | D:2      | 1200 ||| Stepping ~*~*~tactically~*~*~ (stealth).
  1308 | D:2      | Reached XP level 4. HP: 28/28 MP: 4/4
  1313 | D:2      | 1313 ||| FLEEEEING.
  1314 | D:2      | 1314 ||| FLEEEEING.
  1506 | D:2      | 1506 ||| Stepping ~*~*~tactically~*~*~ (stealth).
  1669 | D:2      | 1669 ||| READING 2 scrolls of identify.
  1669 | D:2      | 1669 ||| IDENTIFYING fuming blue potion
  1670 | D:2      | 1670 ||| DROPPING potion of berserk rage.
  1840 | D:3      | Noticed Jessica
  1848 | D:3      | Killed Jessica
  2292 | D:3      | Reached XP level 5. HP: 32/32 MP: 5/5
  2294 | D:3      | 2294 ||| DROPPING +0 whip.
  2380 | D:3      | Found a bloodstained altar of Trog.
  2412 | D:3      | 2412 ||| READING scroll of brand weapon.
  2412 | D:3      | 2412 ||| BRANDING +0 broad axe of protection.
  2505 | D:3      | 2505 ||| UPGRADING to +0 plate armour.
  2515 | D:3      | 2515 ||| DROPPING +0 scale mail.
  2516 | D:3      | 2516 ||| UPGRADING to +0 pair of boots.
  2594 | D:4      | 2594 ||| STAIRDANCE
  2600 | D:4      | 2600 ||| STAIRDANCE
  2654 | D:4      | 2654 ||| Stepping ~*~*~tactically~*~*~ (hiding).
  2656 | D:4      | 2656 ||| Stepping ~*~*~tactically~*~*~ (hiding).
  2658 | D:4      | 2658 ||| Stepping ~*~*~tactically~*~*~ (hiding).
  2682 | D:4      | 2682 ||| Stepping ~*~*~tactically~*~*~ (stealth).
  2706 | D:4      | 2706 ||| Stepping ~*~*~tactically~*~*~ (hiding).
  2707 | D:4      | 2707 ||| Stepping ~*~*~tactically~*~*~ (hiding).
  2856 | D:4      | Noticed an ogre
  2865 | D:4      | Killed an ogre
  2866 | D:4      | Reached XP level 6. HP: 35/39 MP: 6/6
  2977 | D:4      | Noticed a black bear
  2991 | D:4      | Killed a black bear
  3106 | D:4      | Noticed Natasha
  3115 | D:4      | Killed Natasha
  3433 | D:4      | 3433 ||| READING scroll labelled VIDIEBR UFUA.
  3434 | D:4      | 3434 ||| READING scroll labelled RAIXARHAA.
  3535 | D:4      | 3535 ||| DRINKING 2 brown potions.
  3536 | D:4      | 3536 ||| DROPPING potion of degeneration.
  3556 | D:5      | Entered Level 5 of the Dungeon
  3631 | D:5      | 3631 ||| Stepping ~*~*~tactically~*~*~ (hiding).
  3633 | D:5      | 3633 ||| Stepping ~*~*~tactically~*~*~ (hiding).
  3663 | D:5      | Reached skill level 6 in Axes
  3663 | D:5      | Reached XP level 7. HP: 20/44 MP: 7/7
  3908 | D:5      | HP: 3/44 [ogre/+0 giant club (13)]
  3909 | D:5      | 3909 ||| DRINKING potion of heal wounds.
  4342 | D:5      | Reached XP level 8. HP: 48/49 MP: 8/8
  4706 | D:5      | 4706 ||| UPGRADING to amulet of the acrobat.
  4711 | D:5      | 4711 ||| READING 4 scrolls of identify.
  4711 | D:5      | 4711 ||| IDENTIFYING murky blue potion
  4712 | D:5      | 4712 ||| READING 3 scrolls of identify.
  4712 | D:5      | 4712 ||| IDENTIFYING smoky yellow potion
  4713 | D:5      | 4713 ||| READING 2 scrolls of identify.
  4713 | D:5      | 4713 ||| IDENTIFYING red potion
  4714 | D:5      | 4714 ||| DROPPING potion of flight.
  4715 | D:5      | 4715 ||| DROPPING potion of invisibility.
  4756 | D:6      | 4756 ||| Stepping ~*~*~tactically~*~*~ (stealth).
  4759 | D:6      | 4759 ||| Stepping ~*~*~tactically~*~*~ (stealth).
  4775 | D:6      | 4775 ||| Stepping ~*~*~tactically~*~*~ (stealth).
  4786 | D:6      | 4786 ||| Stepping ~*~*~tactically~*~*~ (stealth).
  4795 | D:6      | Reached skill level 1 in Dodging
  4976 | D:6      | 4976 ||| DROPPING +0 flail.
  5058 | D:6      | Found a glowing silver altar of Zin.
  5122 | D:6      | Reached skill level 1 in Throwing
  5381 | D:6      | 5381 ||| DROPPING +6 ring of intelligence.
  5382 | D:6      | 5382 ||| READING 2 scrolls of identify.
  5382 | D:6      | 5382 ||| IDENTIFYING murky puce potion
  5399 | D:7      | Noticed Pikel
  5403 | D:7      | 5403 ||| STAIRDANCE
  5443 | D:7      | 5443 ||| STAIRDANCE
  5508 | D:7      | Killed Pikel
  5509 | D:7      | Reached XP level 9. HP: 28/54 MP: 9/9
  5509 | D:7      | 5509 ||| STAIRDANCE
  5630 | D:7      | Found a staircase to the Ecumenical Temple.
  5631 | D:7      | 5631 ||| PLANNING TEMPLE
  5631 | D:7      | 5631 ||| READING scroll labelled ADISMO TYSTYUL.
  5647 | Temple   | Entered the Ecumenical Temple
  5664 | Temple   | 5664 ||| PLANNING OKAWARU WORSHIP
  5837 | Temple   | Became a worshipper of Warmaster Okawaru
  5838 | Temple   | 5838 ||| PLANNING D:1-11
  5883 | D:7      | 5883 ||| Stepping ~*~*~tactically~*~*~ (hiding).
  5884 | D:7      | 5884 ||| Stepping ~*~*~tactically~*~*~ (hiding).
  6063 | D:7      | Noticed Menkaure
  6064 | D:7      | 6064 ||| Stepping ~*~*~tactically~*~*~ (hiding).
  6081 | D:7      | Killed Menkaure
  6082 | D:7      | Reached skill level 6 in Fighting
  6118 | D:7      | 6118 ||| FLEEEEING.
  6119 | D:7      | 6119 ||| FLEEEEING.
  6120 | D:7      | 6120 ||| FLEEEEING.
  6121 | D:7      | 6121 ||| FLEEEEING.
  6122 | D:7      | 6122 ||| FLEEEEING.
  6125 | D:7      | 6125 ||| FLEEEEING.
  6126 | D:7      | 6126 ||| FLEEEEING.
  6127 | D:7      | 6127 ||| FLEEEEING.
  6128 | D:7      | 6128 ||| FLEEEEING.
  6129 | D:7      | 6129 ||| FLEEEEING.
  6130 | D:7      | 6130 ||| STAIRDANCE
  6180 | D:6      | 6180 ||| READING scroll labelled RECHAU BOOF.
  6224 | D:7      | Reached skill level 9 in Axes
  6274 | D:7      | Noticed a hornet
  6279 | D:7      | Killed a hornet
  6280 | D:7      | Reached skill level 4 in Shields
  6325 | D:7      | 6325 ||| Stepping ~*~*~tactically~*~*~ (stealth).
  6413 | D:7      | Reached * piety under Okawaru
  6426 | D:7      | 6426 ||| Stepping ~*~*~tactically~*~*~ (stealth).
  6428 | D:7      | 6428 ||| Stepping ~*~*~tactically~*~*~ (hiding).
  6430 | D:7      | 6430 ||| INVOKING Heroism.
  6437 | D:7      | Reached skill level 1 in Invocations
  6441 | D:7      | Reached skill level 3 in Invocations
  6441 | D:7      | 6441 ||| INVOKING Heroism.
  6445 | D:7      | Reached skill level 6 in Armour
  6492 | D:7      | 6492 ||| FLEEEEING.
  6493 | D:7      | 6493 ||| FLEEEEING.
  6494 | D:7      | 6494 ||| FLEEEEING.
  6495 | D:7      | 6495 ||| FLEEEEING.
  6496 | D:7      | 6496 ||| FLEEEEING.
  6497 | D:7      | 6497 ||| FLEEEEING.
  6498 | D:7      | 6498 ||| FLEEEEING.
  6499 | D:7      | 6499 ||| STAIRDANCE
  6591 | D:7      | 6591 ||| STAIRDANCE
  6746 | D:7      | Reached ** piety under Okawaru
  6747 | D:7      | Reached XP level 10. HP: 63/63 MP: 13/13
  6867 | D:7      | 6867 ||| INVOKING Heroism.
  7053 | D:7      | Found a runed translucent door.
  7054 | D:7      | Noticed Crazy Yiuf
  7131 | D:7      | 7131 ||| READING scroll labelled ANUEWU JAUMIMMASO.
  7132 | D:7      | 7132 ||| READING scroll labelled UCKOPE ARYEPH.
  7158 | D:8      | 7158 ||| INVOKING Heroism.
  7215 | D:8      | 7215 ||| INVOKING Heroism.
  7240 | D:8      | 7240 ||| INVOKING Heroism.
  7258 | D:8      | 7258 ||| FLEEEEING.
  7259 | D:8      | 7259 ||| INVOKING Heroism.
  7265 | D:8      | 7265 ||| STAIRDANCE
  7565 | D:8      | 7565 ||| INVOKING Heroism.
  7602 | D:8      | 7602 ||| UPGRADING to +2 buckler.
  7612 | D:8      | 7612 ||| DROPPING +0 buckler.
  7768 | D:8      | 7768 ||| INVOKING Heroism.
  8016 | D:8      | 8016 ||| INVOKING Heroism.
  8020 | D:8      | Reached skill level 5 in Shields
  8026 | D:8      | 8026 ||| Stepping ~*~*~tactically~*~*~ (stealth).
  8036 | D:8      | 8036 ||| INVOKING Heroism.
  8176 | D:8      | Found a staircase to the Lair.
  8413 | D:8      | 8413 ||| Stepping ~*~*~tactically~*~*~ (hiding).
  8414 | D:8      | 8414 ||| INVOKING Heroism.
  8433 | D:8      | 8433 ||| PLANNING LAIR
  8433 | D:8      | 8433 ||| READING 2 scrolls of identify.
  8433 | D:8      | 8433 ||| IDENTIFYING amethyst potion
  8503 | Lair:1   | Entered Level 1 of the Lair of Beasts
  8504 | Lair:1   | 8504 ||| INVOKING Heroism.
  8569 | Lair:1   | 8569 ||| READING scroll of enchant armour.
  8569 | Lair:1   | 8569 ||| ENCHANTING +0 pair of boots.
  8585 | Lair:1   | 8585 ||| INVOKING Heroism.
  8600 | Lair:1   | Reached *** piety under Okawaru
  8655 | Lair:1   | Noticed a cane toad
  8656 | Lair:1   | 8656 ||| INVOKING Heroism.
  8667 | Lair:1   | Killed a cane toad
  8722 | Lair:1   | 8722 ||| Stepping ~*~*~tactically~*~*~ (hiding).
  8730 | Lair:1   | Reached XP level 11. HP: 55/69 MP: 14/14
  8779 | Lair:1   | Noticed Grum
  8780 | Lair:1   | 8780 ||| INVOKING Heroism.
  8796 | Lair:1   | Killed Grum
  8797 | Lair:1   | Reached skill level 9 in Fighting
  8878 | Lair:1   | 8878 ||| INVOKING Heroism.
  9027 | Lair:1   | 9027 ||| DROPPING +1 flail of protection.
  9039 | Lair:1   | 9039 ||| Stepping ~*~*~tactically~*~*~ (stealth).
  9040 | Lair:1   | 9040 ||| INVOKING Heroism.
  9520 | Lair:1   | 9520 ||| UPGRADING to +6 ring of dexterity.
  9521 | Lair:1   | 9521 ||| READING scroll labelled OROLIC MEXIM.
  9522 | Lair:1   | 9522 ||| READING 2 scrolls of identify.
  9522 | Lair:1   | 9522 ||| IDENTIFYING orange potion
  9523 | Lair:1   | 9523 ||| DROPPING potion of brilliance.
  9556 | Lair:2   | 9556 ||| Stepping ~*~*~tactically~*~*~ (stealth).
  9559 | Lair:2   | 9559 ||| INVOKING Heroism.
  9562 | Lair:2   | Received a gift from Okawaru
  9637 | Lair:2   | 9637 ||| INVOKING Heroism.
  9668 | Lair:2   | Reached skill level 12 in Axes
  9674 | Lair:2   | Reached **** piety under Okawaru
  9764 | Lair:2   | 9764 ||| INVOKING Heroism.
  9791 | Lair:2   | Noticed a bog body
  9797 | Lair:2   | Killed a bog body
 10038 | Lair:2   | 10038 ||| Stepping ~*~*~tactically~*~*~ (stealth).
 10041 | Lair:2   | 10041 ||| Stepping ~*~*~tactically~*~*~ (stealth).
 10046 | Lair:2   | 10046 ||| INVOKING Heroism.
 10049 | Lair:2   | 10049 ||| Stepping ~*~*~tactically~*~*~ (stealth).
 10050 | Lair:2   | 10050 ||| Stepping ~*~*~tactically~*~*~ (stealth).
 10229 | Lair:2   | Found a staircase to the Swamp.
 10230 | Lair:2   | 10230 ||| INVOKING Heroism.
 10248 | Lair:2   | 10248 ||| INVOKING Heroism.
 10310 | Lair:2   | Found a hole to the Spider Nest.
 10342 | Lair:2   | Reached skill level 3 in Dodging
 10501 | Lair:2   | 10501 ||| INVOKING Heroism.
 10516 | Lair:2   | Reached skill level 6 in Shields
 10516 | Lair:2   | Reached skill level 6 in Invocations
 10739 | Lair:2   | 10739 ||| INVOKING Heroism.
 10746 | Lair:2   | Reached XP level 12. HP: 76/76 MP: 13/16
 11102 | Lair:3   | 11102 ||| Stepping ~*~*~tactically~*~*~ (hiding).
 11105 | Lair:3   | 11105 ||| INVOKING Heroism.
 11195 | Lair:3   | 11195 ||| Stepping ~*~*~tactically~*~*~ (stealth).
 11212 | Lair:3   | Reached ***** piety under Okawaru
 11280 | Lair:3   | 11280 ||| Stepping ~*~*~tactically~*~*~ (stealth).
 11574 | Lair:3   | 11574 ||| Stepping ~*~*~tactically~*~*~ (hiding).
 11814 | Lair:3   | 11814 ||| INVOKING Heroism.
 11817 | Lair:3   | 11817 ||| Stepping ~*~*~tactically~*~*~ (stealth).
 11823 | Lair:3   | 11823 ||| Stepping ~*~*~tactically~*~*~ (stealth).
 11826 | Lair:3   | 11826 ||| Stepping ~*~*~tactically~*~*~ (stealth).
 11828 | Lair:3   | 11828 ||| Stepping ~*~*~tactically~*~*~ (stealth).
 12367 | Lair:3   | 12367 ||| Stepping ~*~*~tactically~*~*~ (stealth).
 12372 | Lair:3   | 12372 ||| Stepping ~*~*~tactically~*~*~ (stealth).
 12381 | Lair:3   | 12381 ||| Stepping ~*~*~tactically~*~*~ (stealth).
 12395 | Lair:3   | 12395 ||| Stepping ~*~*~tactically~*~*~ (stealth).
 12401 | Lair:3   | 12401 ||| Stepping ~*~*~tactically~*~*~ (stealth).
 12419 | Lair:3   | 12419 ||| Stepping ~*~*~tactically~*~*~ (stealth).
 12421 | Lair:3   | 12421 ||| Stepping ~*~*~tactically~*~*~ (stealth).
 12423 | Lair:3   | 12423 ||| Stepping ~*~*~tactically~*~*~ (stealth).
 12424 | Lair:3   | 12424 ||| Stepping ~*~*~tactically~*~*~ (stealth).
 12426 | Lair:3   | 12426 ||| Stepping ~*~*~tactically~*~*~ (stealth).
 12428 | Lair:3   | 12428 ||| Stepping ~*~*~tactically~*~*~ (stealth).
 12431 | Lair:3   | 12431 ||| Stepping ~*~*~tactically~*~*~ (stealth).
 12556 | Lair:3   | 12556 ||| UPGRADING to ring of see invisible.
 12557 | Lair:3   | 12557 ||| READING scroll labelled LIEZUY FUACSUE.
 12558 | Lair:3   | 12558 ||| READING scroll labelled OXTYPA OTZEOVA.
 12581 | Lair:4   | 12581 ||| Stepping ~*~*~tactically~*~*~ (stealth).
 12582 | Lair:4   | Noticed a five-headed hydra
 12583 | Lair:4   | 12583 ||| INVOKING Heroism.
 12584 | Lair:4   | 12584 ||| Stepping ~*~*~tactically~*~*~ (stealth).
 12589 | Lair:4   | 12589 ||| SWAPPING to +0 morningstar.
 12590 | Lair:4   | 12590 ||| INVOKING Finesse.
 12600 | Lair:4   | Killed a five-headed hydra
 12601 | Lair:4   | 12601 ||| SWAPPING to +1 broad axe of freezing.
 12654 | Lair:4   | 12654 ||| INVOKING Heroism.
 12666 | Lair:4   | 12666 ||| Stepping ~*~*~tactically~*~*~ (hiding).
 12676 | Lair:4   | Reached skill level 9 in Invocations
 12683 | Lair:4   | Identified the +2 cloak of the Everdark {rF+ Stlth+}
                  | (Okawaru gifted it to you on level 4 of the Lair of Beasts)
 12683 | Lair:4   | Received a gift from Okawaru
 12823 | Lair:4   | 12823 ||| Stepping ~*~*~tactically~*~*~ (stealth).
 12825 | Lair:4   | 12825 ||| Stepping ~*~*~tactically~*~*~ (stealth).
 12846 | Lair:4   | 12846 ||| Stepping ~*~*~tactically~*~*~ (stealth).
 12853 | Lair:4   | 12853 ||| INVOKING Heroism.
 12968 | Lair:4   | 12968 ||| INVOKING Heroism.
 12975 | Lair:4   | HP: 17/77 [hell rat (8)]
 12976 | Lair:4   | 12976 ||| READING 2 scrolls of teleportation.
 12977 | Lair:4   | 12977 ||| DRINKING potion of heal wounds.
 12982 | Lair:4   | 12982 ||| Stepping ~*~*~tactically~*~*~ (stealth).
 13014 | Lair:4   | 13014 ||| Stepping ~*~*~tactically~*~*~ (stealth).
 13088 | Lair:4   | Found a hide-covered altar of Uskayaw.
 13101 | Lair:4   | Noticed a four-headed hydra
 13102 | Lair:4   | 13102 ||| INVOKING Heroism.
 13103 | Lair:4   | 13103 ||| INVOKING Finesse.
 13106 | Lair:4   | 13106 ||| SWAPPING to +0 morningstar.
 13113 | Lair:4   | Killed a four-headed hydra
 13114 | Lair:4   | Reached skill level 9 in Armour
 13114 | Lair:4   | 13114 ||| SWAPPING to +1 broad axe of freezing.
 13155 | Lair:4   | Identified the +3 scale mail of Utuotis {*Slow rElec rN+}
 13172 | Lair:4   | Found a runed translucent door.
 13176 | Lair:4   | Found a staircase to the Slime Pits.
 13176 | Lair:4   | Noticed an azure jelly
 13177 | Lair:4   | Noticed an azure jelly
 13204 | Lair:4   | 13204 ||| INVOKING Heroism.
 13208 | Lair:4   | Reached XP level 13. HP: 82/82 MP: 17/20
 13234 | Lair:4   | 13234 ||| INVOKING Heroism.
 13437 | Lair:4   | 13437 ||| Stepping ~*~*~tactically~*~*~ (stealth).
 13438 | Lair:4   | 13438 ||| INVOKING Heroism.
 13439 | Lair:4   | 13439 ||| INVOKING Finesse.
 13546 | Lair:4   | 13546 ||| Stepping ~*~*~tactically~*~*~ (stealth).
 13548 | Lair:4   | 13548 ||| INVOKING Heroism.
 13550 | Lair:4   | 13550 ||| Stepping ~*~*~tactically~*~*~ (stealth).
 13552 | Lair:4   | 13552 ||| SWAPPING to +0 morningstar.
 13553 | Lair:4   | 13553 ||| INVOKING Finesse.
 13563 | Lair:4   | 13563 ||| SWAPPING to +1 broad axe of freezing.
 13597 | Lair:4   | 13597 ||| Stepping ~*~*~tactically~*~*~ (hiding).
 13598 | Lair:4   | 13598 ||| Stepping ~*~*~tactically~*~*~ (hiding).
 13888 | Lair:4   | 13888 ||| INVOKING Heroism.
 14004 | Lair:4   | Identified the +3 flail of Puttuhoh {freeze, Dex+4}
 14006 | Lair:4   | 14006 ||| DROPPING +3 flail of Puttuhoh {freeze, Dex+4}.
 14112 | Lair:4   | 14112 ||| UPGRADING to +2 cloak of the Everdark {rF+
                  | Stlth+}.
 14117 | Lair:4   | 14117 ||| READING scroll labelled QOMANO BIFRE.
 14117 | Lair:4   | Identified a scroll of acquirement
 14117 | Lair:4   | 14117 ||| ACQUIRING +8 kite shield of Wisdom {rCorr Str-5
                  | Dex+5 Stlth+}
 14117 | Lair:4   | Acquired the +8 kite shield of Wisdom {rCorr Str-5 Dex+5
                  | Stlth+}
 14119 | Lair:4   | 14119 ||| UPGRADING to +8 kite shield of Wisdom {rCorr
                  | Str-5 Dex+5 Stlth+}.
 14129 | Lair:4   | 14129 ||| DROPPING +2 buckler.
 14130 | Lair:4   | 14130 ||| DRINKING 2 pink potions.
 14152 | Lair:5   | Entered Level 5 of the Lair of Beasts
 14159 | Lair:5   | 14159 ||| INVOKING Heroism.
 14166 | Lair:5   | Reached skill level 7 in Shields
 14176 | Lair:5   | HP: 15/83 [anaconda (10)]
 14177 | Lair:5   | 14177 ||| READING scroll of teleportation.
 14178 | Lair:5   | 14178 ||| DRINKING potion of heal wounds.
 14453 | Lair:5   | 14453 ||| Stepping ~*~*~tactically~*~*~ (hiding).
 14597 | Lair:5   | 14597 ||| READING scroll of enchant armour.
 14597 | Lair:5   | 14597 ||| ENCHANTING +1 pair of boots.
 14617 | Lair:5   | 14617 ||| INVOKING Heroism.
 14618 | Lair:5   | 14618 ||| SWAPPING to +0 morningstar.
 14619 | Lair:5   | 14619 ||| INVOKING Finesse.
 14629 | Lair:5   | Reached skill level 8 in Shields
 14629 | Lair:5   | 14629 ||| SWAPPING to +1 broad axe of freezing.
 14772 | Lair:5   | 14772 ||| INVOKING Heroism.
 14773 | Lair:5   | 14773 ||| INVOKING Finesse.
 14775 | Lair:5   | 14775 ||| SWAPPING to +0 morningstar.
 14783 | Lair:5   | 14783 ||| SWAPPING to +1 broad axe of freezing.
 14862 | Lair:5   | 14862 ||| FLEEEEING.
 14863 | Lair:5   | 14863 ||| FLEEEEING.
 14864 | Lair:5   | 14864 ||| FLEEEEING.
 14908 | Lair:5   | Reached skill level 9 in Shields
 14940 | Lair:5   | 14940 ||| Stepping ~*~*~tactically~*~*~ (stealth).
 14941 | Lair:5   | 14941 ||| Stepping ~*~*~tactically~*~*~ (stealth).
 14942 | Lair:5   | 14942 ||| Stepping ~*~*~tactically~*~*~ (stealth).
 14964 | Lair:5   | 14964 ||| INVOKING Heroism.
 15009 | Lair:5   | 15009 ||| INVOKING Finesse.
 15010 | Lair:5   | 15010 ||| INVOKING Heroism.
 15011 | Lair:5   | 15011 ||| Stepping ~*~*~tactically~*~*~ (hiding).
 15014 | Lair:5   | 15014 ||| Stepping ~*~*~tactically~*~*~ (hiding).
 15031 | Lair:5   | Reached skill level 10 in Shields
 15068 | Lair:5   | 15068 ||| Stepping ~*~*~tactically~*~*~ (stealth).
 15070 | Lair:5   | 15070 ||| INVOKING Finesse.
 15072 | Lair:5   | 15072 ||| Stepping ~*~*~tactically~*~*~ (stealth).
 15073 | Lair:5   | 15073 ||| INVOKING Heroism.
 15171 | Lair:5   | Noticed a dire elephant
 15172 | Lair:5   | 15172 ||| INVOKING Heroism.
 15173 | Lair:5   | 15173 ||| Stepping ~*~*~tactically~*~*~ (stealth).
 15175 | Lair:5   | 15175 ||| INVOKING Finesse.
 15192 | Lair:5   | Killed a dire elephant
 15199 | Lair:5   | Reached skill level 11 in Shields
 15199 | Lair:5   | Gained mutation: Your large and strong wings let you fly.
                  | [Gargoyle growth]
 15199 | Lair:5   | Reached XP level 14. HP: 84/88 MP: 15/21
 15256 | Lair:5   | 15256 ||| READING scroll of enchant weapon.
 15256 | Lair:5   | 15256 ||| ENCHANTING +1 broad axe of freezing.
 15569 | Lair:5   | 15569 ||| PLANNING D:1-11
 15569 | Lair:5   | 15569 ||| UPGRADING to +0 pair of gloves.
 15574 | Lair:5   | 15574 ||| DROPPING +1 pair of boots.
 15575 | Lair:5   | 15575 ||| DROPPING ring of magical power.
 15773 | D:9      | 15773 ||| STAIRDANCE
 15979 | D:9      | 15979 ||| INVOKING Heroism.
 15985 | D:9      | Received a gift from Okawaru
 16260 | D:9      | Noticed Amaemon
 16261 | D:9      | 16261 ||| Stepping ~*~*~tactically~*~*~ (hiding).
 16272 | D:9      | 16272 ||| INVOKING Heroism.
 16276 | D:9      | Noticed Gastronok
 16280 | D:9      | Killed Amaemon
 16281 | D:9      | 16281 ||| Stepping ~*~*~tactically~*~*~ (hiding).
 16313 | D:9      | Killed Gastronok
 16316 | D:9      | 16316 ||| DROPPING +0 morningstar.
 16371 | D:9      | Noticed Maurice
 16398 | D:9      | Killed Maurice
 16499 | D:9      | 16499 ||| Stepping ~*~*~tactically~*~*~ (stealth).
 16501 | D:9      | 16501 ||| Stepping ~*~*~tactically~*~*~ (stealth).
 16503 | D:9      | 16503 ||| Stepping ~*~*~tactically~*~*~ (stealth).
 16504 | D:9      | Noticed Joseph
 16505 | D:9      | 16505 ||| Stepping ~*~*~tactically~*~*~ (stealth).
 16508 | D:9      | 16508 ||| Stepping ~*~*~tactically~*~*~ (stealth).
 16514 | D:9      | 16514 ||| INVOKING Heroism.
 16536 | D:9      | Killed Joseph
 16767 | D:10     | Entered Level 10 of the Dungeon
 16768 | D:10     | 16768 ||| Stepping ~*~*~tactically~*~*~ (hiding).
 16771 | D:10     | 16771 ||| INVOKING Heroism.
 16773 | D:10     | Received a gift from Okawaru
 16774 | D:10     | Reached skill level 12 in Shields
 16909 | D:10     | 16909 ||| Stepping ~*~*~tactically~*~*~ (stealth).
 16915 | D:10     | 16915 ||| Stepping ~*~*~tactically~*~*~ (stealth).
 16924 | D:10     | 16924 ||| Stepping ~*~*~tactically~*~*~ (stealth).
 16926 | D:10     | 16926 ||| Stepping ~*~*~tactically~*~*~ (stealth).
 16928 | D:10     | 16928 ||| INVOKING Heroism.
 16935 | D:10     | 16935 ||| Stepping ~*~*~tactically~*~*~ (stealth).
 16979 | D:10     | 16979 ||| Stepping ~*~*~tactically~*~*~ (stealth).
 17264 | D:10     | Found a hazy altar of Hepliaklqana.
 17424 | D:10     | Found a large runed translucent door.
 17424 | D:10     | Found a large runed translucent door.
 17425 | D:10     | Noticed reggie's ghost (journeyman CeHu)
 17490 | D:11     | 17490 ||| Stepping ~*~*~tactically~*~*~ (stealth).
 17491 | D:11     | 17491 ||| Stepping ~*~*~tactically~*~*~ (stealth).
 17747 | D:11     | 17747 ||| INVOKING Heroism.
 17753 | D:11     | 17753 ||| Stepping ~*~*~tactically~*~*~ (stealth).
 17755 | D:11     | 17755 ||| Stepping ~*~*~tactically~*~*~ (stealth).
 17756 | D:11     | 17756 ||| STAIRDANCE
 17967 | D:11     | 17967 ||| Stepping ~*~*~tactically~*~*~ (stealth).
 17971 | D:11     | 17971 ||| Stepping ~*~*~tactically~*~*~ (stealth).
 17973 | D:11     | 17973 ||| Stepping ~*~*~tactically~*~*~ (stealth).
 17975 | D:11     | 17975 ||| Stepping ~*~*~tactically~*~*~ (stealth).
 17976 | D:11     | 17976 ||| INVOKING Heroism.
 18035 | D:11     | 18035 ||| Stepping ~*~*~tactically~*~*~ (stealth).
 18213 | D:11     | 18213 ||| INVOKING Heroism.
 18214 | D:11     | Found a staircase to the Orcish Mines.
 18582 | D:11     | 18582 ||| INVOKING Heroism.
 18658 | D:11     | 18658 ||| PLANNING D
 18658 | D:11     | 18658 ||| READING scroll labelled BIANNI YSMA.
 18659 | D:11     | 18659 ||| DRINKING 2 sedimented dark potions.
 18735 | D:12     | 18735 ||| Stepping ~*~*~tactically~*~*~ (stealth).
 18802 | D:12     | 18802 ||| INVOKING Heroism.
 18803 | D:12     | 18803 ||| SWAPPING to -1 demon whip of venom.
 18804 | D:12     | 18804 ||| INVOKING Finesse.
 18812 | D:12     | 18812 ||| SWAPPING to +2 broad axe of freezing.
 18860 | D:12     | 18860 ||| Stepping ~*~*~tactically~*~*~ (hiding).
 18980 | D:12     | Identified the +9 battleaxe "Giantslayer" {protect, rElec
                  | rPois rF+ Str+3}
 18991 | D:12     | 18991 ||| INVOKING Heroism.
 19019 | D:12     | HP: 22/90 [skeletal warrior/+0 vorpal halberd (2)]
 19020 | D:12     | 19020 ||| READING 2 scrolls of teleportation.
 19022 | D:12     | 19022 ||| INVOKING Heroism.
 19229 | D:12     | 19229 ||| INVOKING Heroism.
 19388 | D:12     | 19388 ||| INVOKING Heroism.
 19392 | D:12     | 19392 ||| READING scroll of teleportation.
 19422 | D:12     | 19422 ||| Stepping ~*~*~tactically~*~*~ (stealth).
 19430 | D:12     | Identified the +0 plate armour of the Pit {Harm MP+9 Dex-3}
                  | (Okawaru gifted it to you on level 12 of the Dungeon)
 19430 | D:12     | Received a gift from Okawaru
 19432 | D:12     | 19432 ||| Stepping ~*~*~tactically~*~*~ (stealth).
 19434 | D:12     | 19434 ||| Stepping ~*~*~tactically~*~*~ (stealth).
 19542 | D:12     | 19542 ||| INVOKING Heroism.
 19608 | D:12     | 19608 ||| Stepping ~*~*~tactically~*~*~ (stealth).
 19610 | D:12     | 19610 ||| INVOKING Heroism.
 19643 | D:12     | 19643 ||| INVOKING Heroism.
 19739 | D:12     | 19739 ||| DROPPING +0 plate armour of the Pit {Harm MP+9
                  | Dex-3}.
 19740 | D:12     | 19740 ||| UPGRADING to +2 plate armour of poison
                  | resistance.
 19750 | D:12     | 19750 ||| DROPPING +0 plate armour.
 19751 | D:12     | 19751 ||| READING scroll labelled DUBBEA JENOOMIO.
 19834 | D:13     | 19834 ||| INVOKING Heroism.
 19835 | D:13     | 19835 ||| STAIRDANCE
 19928 | D:13     | 19928 ||| DRINKING 3 potions of curing.
 19928 | D:13     | 19928 ||| (to cure confusion)
 19932 | D:13     | 19932 ||| DRINKING 2 potions of curing.
 19932 | D:13     | 19932 ||| (to cure confusion)
 19948 | D:13     | 19948 ||| Stepping randomly (stuck).
 19950 | D:13     | 19950 ||| INVOKING Heroism.
 19958 | D:13     | 19958 ||| INVOKING Finesse.
 20116 | D:13     | Reached skill level 15 in Axes
 20120 | D:13     | 20120 ||| INVOKING Heroism.
 20143 | D:13     | HP: 19/90 [skeletal warrior/+0 scimitar (8)]
 20148 | D:13     | 20148 ||| FLEEEEING.
 20149 | D:13     | 20149 ||| FLEEEEING.
 20150 | D:13     | 20150 ||| FLEEEEING.
 20151 | D:13     | 20151 ||| FLEEEEING.
 20152 | D:13     | 20152 ||| FLEEEEING.
 20155 | D:13     | 20155 ||| FLEEEEING.
 20156 | D:13     | 20156 ||| FLEEEEING.
 20157 | D:13     | 20157 ||| FLEEEEING.
 20158 | D:13     | 20158 ||| FLEEEEING.
 20159 | D:13     | 20159 ||| FLEEEEING.
 20160 | D:13     | 20160 ||| FLEEEEING.
 20161 | D:13     | 20161 ||| FLEEEEING.
 20164 | D:13     | 20164 ||| FLEEEEING.
 20165 | D:13     | 20165 ||| FLEEEEING.
 20166 | D:13     | 20166 ||| FLEEEEING.
 20167 | D:13     | 20167 ||| FLEEEEING.
 20170 | D:13     | 20170 ||| FLEEEEING.
 20172 | D:13     | 20172 ||| FLEEEEING.
 20173 | D:13     | 20173 ||| FLEEEEING.
 20174 | D:13     | 20174 ||| FLEEEEING.
 20175 | D:13     | 20175 ||| FLEEEEING.
 20176 | D:13     | 20176 ||| FLEEEEING.
 20178 | D:13     | 20178 ||| FLEEEEING.
 20179 | D:13     | 20179 ||| FLEEEEING.
 20180 | D:13     | 20180 ||| FLEEEEING.
 20181 | D:13     | 20181 ||| FLEEEEING.
 20182 | D:13     | 20182 ||| FLEEEEING.
 20188 | D:13     | 20188 ||| FLEEEEING.
 20189 | D:13     | 20189 ||| FLEEEEING.
 20192 | D:13     | 20192 ||| FLEEEEING.
 20193 | D:13     | 20193 ||| STAIRDANCE
 20348 | D:13     | 20348 ||| INVOKING Heroism.
 20563 | D:13     | Found Doxzecyi's Jewellery Shoppe.
 20572 | D:13     | 20572 ||| INVOKING Heroism.
 20584 | D:13     | 20584 ||| Stepping ~*~*~tactically~*~*~ (hiding).
 20602 | D:13     | 20602 ||| BUYING +6 ring of dexterity (612 gold).
 20602 | D:13     | Bought a +6 ring of dexterity for 612 gold pieces
 20602 | D:13     | 20602 ||| SHOPLISTING +6 ring of strength (612 gold, have
                  | 483).
 20602 | D:13     | 20602 ||| SHOPLISTING ring "Ygytyuh" {*Slow Fly rPois rC+
                  | Str+10} (868 gold, have 483).
 20602 | D:13     | 20602 ||| BUYING ring of resist corrosion (340 gold).
 20602 | D:13     | Bought a ring of resist corrosion for 340 gold pieces
 20816 | D:13     | Noticed Kirke
 20817 | D:13     | 20817 ||| INVOKING Heroism.
 20818 | D:13     | 20818 ||| INVOKING Finesse.
 20827 | D:13     | Reached XP level 15. HP: 96/96 MP: 14/22
 20829 | D:13     | Reached skill level 12 in Fighting
 20843 | D:13     | Killed Kirke
 20902 | D:13     | 20902 ||| READING 2 scrolls of enchant armour.
 20902 | D:13     | 20902 ||| ENCHANTING +0 pair of gloves.
 20903 | D:13     | 20903 ||| READING scroll of enchant armour.
 20903 | D:13     | 20903 ||| ENCHANTING +1 pair of gloves.
 20964 | D:13     | 20964 ||| UPGRADING to +0 helmet.
 20969 | D:13     | 20969 ||| DROPPING ring of willpower.
 20979 | D:14     | 20979 ||| Stepping ~*~*~tactically~*~*~ (hiding).
 20980 | D:14     | 20980 ||| Stepping ~*~*~tactically~*~*~ (hiding).
 20981 | D:14     | 20981 ||| INVOKING Heroism.
 20982 | D:14     | 20982 ||| Stepping ~*~*~tactically~*~*~ (hiding).
 21092 | D:14     | 21092 ||| Stepping ~*~*~tactically~*~*~ (hiding).
 21105 | D:14     | Reached skill level 12 in Armour
 21128 | D:14     | Found a frozen archway.
 21241 | D:14     | 21241 ||| Stepping ~*~*~tactically~*~*~ (stealth).
 21243 | D:14     | 21243 ||| Stepping ~*~*~tactically~*~*~ (hiding).
 21312 | D:14     | 21312 ||| READING scroll of enchant weapon.
 21312 | D:14     | 21312 ||| ENCHANTING +2 broad axe of freezing.
 21381 | D:14     | 21381 ||| INVOKING Heroism.
 21383 | D:14     | Noticed Rupert
 21384 | D:14     | 21384 ||| INVOKING Finesse.
 21395 | D:14     | Received a gift from Okawaru
 21407 | D:14     | 21407 ||| DRINKING 2 potions of curing.
 21407 | D:14     | 21407 ||| (to cure confusion)
 21408 | D:14     | 21408 ||| DRINKING potion of curing.
 21408 | D:14     | 21408 ||| (to cure confusion)
 21423 | D:14     | 21423 ||| INVOKING Heroism.
 21428 | D:14     | Killed Rupert
 21428 | D:14     | Identified the +6 scale mail "Loageta" {rCorr SInv}
                  | (Okawaru gifted it to you on level 14 of the Dungeon)
 21428 | D:14     | Received a gift from Okawaru
 21492 | D:14     | Found a gate to the Vaults.
 21548 | D:14     | 21548 ||| Stepping ~*~*~tactically~*~*~ (hiding).
 21549 | D:14     | 21549 ||| FLEEEEING.
 21550 | D:14     | 21550 ||| FLEEEEING.
 21551 | D:14     | 21551 ||| FLEEEEING.
 21820 | D:14     | 21820 ||| INVOKING Heroism.
 21825 | D:14     | 21825 ||| Stepping ~*~*~tactically~*~*~ (hiding).
 21843 | D:14     | 21843 ||| INVOKING Heroism.
 21847 | D:14     | 21847 ||| Stepping ~*~*~tactically~*~*~ (hiding).
 21873 | D:14     | 21873 ||| INVOKING Heroism.
 22048 | D:14     | 22048 ||| Stepping ~*~*~tactically~*~*~ (hiding).
 22069 | D:14     | Reached skill level 13 in Shields
 22077 | D:14     | 22077 ||| Stepping ~*~*~tactically~*~*~ (stealth).
 22085 | D:14     | 22085 ||| Stepping ~*~*~tactically~*~*~ (stealth).
 22093 | D:14     | 22093 ||| Stepping ~*~*~tactically~*~*~ (hiding).
 22094 | D:14     | 22094 ||| Stepping ~*~*~tactically~*~*~ (hiding).
 22155 | D:14     | 22155 ||| INVOKING Heroism.
 22156 | D:14     | 22156 ||| INVOKING Finesse.
 22159 | D:14     | 22159 ||| SWAPPING to -1 demon whip of venom.
 22170 | D:14     | 22170 ||| SWAPPING to +3 broad axe of freezing.
 22316 | D:14     | Noticed a frost giant
 22317 | D:14     | 22317 ||| INVOKING Heroism.
 22319 | D:14     | 22319 ||| INVOKING Finesse.
 22332 | D:14     | Killed a frost giant
 22584 | D:14     | 22584 ||| DROPPING +0 acid dragon scales.
 22585 | D:14     | 22585 ||| READING 2 scrolls labelled OJOUKHL GUKHLE.
 22586 | D:14     | 22586 ||| DROPPING scroll of blinking.
 22622 | D:15     | Entered Level 15 of the Dungeon
 22638 | D:15     | 22638 ||| INVOKING Heroism.
 22639 | D:15     | 22639 ||| Stepping ~*~*~tactically~*~*~ (stealth).
 22972 | D:15     | 22972 ||| INVOKING Heroism.
 23117 | D:15     | 23117 ||| INVOKING Heroism.
 23118 | D:15     | 23118 ||| Stepping ~*~*~tactically~*~*~ (hiding).
 23122 | D:15     | 23122 ||| Stepping ~*~*~tactically~*~*~ (stealth).
 23133 | D:15     | 23133 ||| Stepping ~*~*~tactically~*~*~ (hiding).
 23366 | D:15     | 23366 ||| INVOKING Heroism.
 23432 | D:15     | Found a shimmering blue altar of Sif Muna.
 23477 | D:15     | 23477 ||| DROPPING +6 ring of dexterity.
 23616 | D:15     | 23616 ||| Stepping ~*~*~tactically~*~*~ (hiding).
 23620 | D:15     | 23620 ||| INVOKING Heroism.
 23628 | D:15     | 23628 ||| Stepping ~*~*~tactically~*~*~ (stealth).
 23629 | D:15     | 23629 ||| Stepping ~*~*~tactically~*~*~ (stealth).
 23630 | D:15     | 23630 ||| Stepping ~*~*~tactically~*~*~ (stealth).
 23640 | D:15     | Reached XP level 16. HP: 70/101 MP: 23/23
 23729 | D:15     | Found a staircase to the Depths.
 23876 | D:15     | 23876 ||| PLANNING ORC
 23876 | D:15     | 23876 ||| UPGRADING to +4 ring of protection.
 23878 | D:15     | 23878 ||| READING scroll labelled KEXOUFABBA.
 23879 | D:15     | 23879 ||| READING 6 scrolls of identify.
 23879 | D:15     | 23879 ||| IDENTIFYING sapphire potion
 23880 | D:15     | 23880 ||| DROPPING scroll of poison.
 24008 | Orc:1    | Entered Level 1 of the Orcish Mines
 24008 | Orc:1    | Found Beuneum's Mass Market.
 24017 | Orc:1    | 24017 ||| INVOKING Heroism.
 24033 | Orc:1    | 24033 ||| BUYING +0 tower shield (58 gold).
 24033 | Orc:1    | Bought a +0 tower shield for 58 gold pieces
 24207 | Orc:1    | 24207 ||| INVOKING Heroism.
 24235 | Orc:1    | 24235 ||| INVOKING Heroism.
 24424 | Orc:1    | 24424 ||| INVOKING Heroism.
 24535 | Orc:1    | You are sucked into a shaft and drop 1 floor!
 24535 | Orc:2    | Entered Level 2 of the Orcish Mines
 24536 | Orc:2    | 24536 ||| Stepping ~*~*~tactically~*~*~ (hiding).
 24538 | Orc:2    | 24538 ||| INVOKING Heroism.
 24545 | Orc:2    | Noticed Urug
 24546 | Orc:2    | 24546 ||| Stepping ~*~*~tactically~*~*~ (hiding).
 24562 | Orc:2    | Killed Urug
 24564 | Orc:2    | 24564 ||| DROPPING -1 demon whip of venom.
 24589 | Orc:2    | 24589 ||| UPGRADING to +0 tower shield.
 24614 | Orc:1    | Noticed Erica
 24615 | Orc:1    | 24615 ||| INVOKING Heroism.
 24620 | Orc:1    | Killed Erica
 24738 | Orc:2    | Found a staircase to the Elven Halls.
 24793 | Orc:2    | 24793 ||| INVOKING Heroism.
 24801 | Orc:2    | Reached skill level 3 in Throwing
 24818 | Orc:2    | 24818 ||| INVOKING Heroism.
 24890 | Orc:2    | 24890 ||| Stepping ~*~*~tactically~*~*~ (stealth).
 24891 | Orc:2    | 24891 ||| Stepping ~*~*~tactically~*~*~ (stealth).
 24905 | Orc:2    | 24905 ||| Stepping ~*~*~tactically~*~*~ (stealth).
 25042 | Orc:2    | 25042 ||| INVOKING Heroism.
 25058 | Orc:2    | Noticed Nessos
 25060 | Orc:2    | 25060 ||| Stepping ~*~*~tactically~*~*~ (hiding).
 25061 | Orc:2    | 25061 ||| Stepping ~*~*~tactically~*~*~ (hiding).
 25077 | Orc:2    | Killed Nessos
 25081 | Orc:2    | 25081 ||| Stepping ~*~*~tactically~*~*~ (hiding).
 25083 | Orc:2    | 25083 ||| Stepping ~*~*~tactically~*~*~ (hiding).
 25084 | Orc:2    | 25084 ||| Stepping ~*~*~tactically~*~*~ (hiding).
 25360 | Orc:2    | 25360 ||| Stepping ~*~*~tactically~*~*~ (stealth).
 25521 | Orc:2    | 25521 ||| Stepping ~*~*~tactically~*~*~ (hiding).
 25522 | Orc:2    | 25522 ||| INVOKING Heroism.
 25547 | Orc:2    | Found Wovurawah's Armour Shoppe.
 25553 | Orc:2    | 25553 ||| INVOKING Heroism.
 25554 | Orc:2    | HP: 11/101 [orc knight/+0 battleaxe (26)]
 25555 | Orc:2    | 25555 ||| READING scroll of teleportation.
 25909 | Orc:2    | 25909 ||| INVOKING Heroism.
 25933 | Orc:2    | 25933 ||| Stepping ~*~*~tactically~*~*~ (hiding).
 25935 | Orc:2    | 25935 ||| INVOKING Heroism.
 25985 | Orc:2    | Found Ituog's Assorted Antiques.
 25996 | Orc:2    | 25996 ||| BUYING 3 scrolls of identify (168 gold).
 25996 | Orc:2    | Bought 3 scrolls of identify for 168 gold pieces
 25996 | Orc:2    | 25996 ||| BUYING scroll of identify (56 gold).
 25996 | Orc:2    | Bought a scroll of identify for 56 gold pieces
 25996 | Orc:2    | 25996 ||| BUYING scroll of identify (56 gold).
 25996 | Orc:2    | Bought a scroll of identify for 56 gold pieces
 25996 | Orc:2    | 25996 ||| BUYING wand of digging (3) (352 gold).
 25996 | Orc:2    | Bought a wand of digging (3) for 352 gold pieces
 26005 | Orc:2    | 26005 ||| Stepping ~*~*~tactically~*~*~ (stealth).
 26008 | Orc:2    | 26008 ||| INVOKING Heroism.
 26012 | Orc:2    | Found Fypab's Armour Shoppe.
 26022 | Orc:2    | Reached skill level 14 in Shields
 26035 | Orc:2    | 26035 ||| SHOPLISTING +0 fire dragon scales (900 gold, have
                  | 680).
 26035 | Orc:2    | 26035 ||| BUYING +2 cloak of willpower (322 gold).
 26035 | Orc:2    | Bought a +2 cloak of willpower for 322 gold pieces
 26060 | Orc:2    | 26060 ||| INVOKING Heroism.
 26099 | Orc:2    | 26099 ||| INVOKING Heroism.
 26113 | Orc:2    | Found Ashrotess's Distillery.
 26119 | Orc:2    | 26119 ||| BUYING potion of attraction (51 gold).
 26119 | Orc:2    | Bought a potion of attraction for 51 gold pieces
 26119 | Orc:2    | 26119 ||| BUYING potion of curing (51 gold).
 26119 | Orc:2    | Bought a potion of curing for 51 gold pieces
 26119 | Orc:2    | 26119 ||| BUYING potion of curing (51 gold).
 26119 | Orc:2    | Bought a potion of curing for 51 gold pieces
 26119 | Orc:2    | 26119 ||| BUYING potion of heal wounds (85 gold).
 26119 | Orc:2    | Bought a potion of heal wounds for 85 gold pieces
 26119 | Orc:2    | 26119 ||| BUYING potion of might (68 gold).
 26119 | Orc:2    | Bought a potion of might for 68 gold pieces
 26119 | Orc:2    | 26119 ||| PLANNING SPIDER:1-3
 26381 | Spider:1 | Entered Level 1 of the Spider Nest
 26382 | Spider:1 | 26382 ||| INVOKING Heroism.
 26436 | Spider:1 | 26436 ||| INVOKING Finesse.
 26439 | Spider:1 | 26439 ||| INVOKING Heroism.
 26622 | Spider:1 | 26622 ||| INVOKING Heroism.
 26739 | Spider:1 | 26739 ||| Stepping ~*~*~tactically~*~*~ (stealth).
 26744 | Spider:1 | 26744 ||| Stepping ~*~*~tactically~*~*~ (stealth).
 26746 | Spider:1 | 26746 ||| Stepping ~*~*~tactically~*~*~ (stealth).
 26799 | Spider:1 | 26799 ||| INVOKING Heroism.
 27055 | Spider:1 | 27055 ||| Stepping ~*~*~tactically~*~*~ (stealth).
 27057 | Spider:1 | 27057 ||| INVOKING Finesse.
 27118 | Spider:1 | 27118 ||| INVOKING Heroism.
 27123 | Spider:1 | 27123 ||| DRINKING 2 potions of curing.
 27123 | Spider:1 | 27123 ||| (to cure confusion)
 27155 | Spider:1 | 27155 ||| Stepping ~*~*~tactically~*~*~ (stealth).
 27236 | Spider:1 | 27236 ||| Stepping ~*~*~tactically~*~*~ (stealth).
 27262 | Spider:1 | 27262 ||| Stepping ~*~*~tactically~*~*~ (stealth).
 27306 | Spider:1 | 27306 ||| Stepping ~*~*~tactically~*~*~ (stealth).
 27320 | Spider:1 | Reached skill level 15 in Shields
 27351 | Spider:1 | 27351 ||| Stepping ~*~*~tactically~*~*~ (stealth).
 27423 | Spider:1 | 27423 ||| Stepping ~*~*~tactically~*~*~ (stealth).
 27526 | Spider:1 | 27526 ||| Stepping ~*~*~tactically~*~*~ (stealth).
 27608 | Spider:1 | 27608 ||| Stepping ~*~*~tactically~*~*~ (stealth).
 27661 | Spider:1 | 27661 ||| Stepping ~*~*~tactically~*~*~ (stealth).
 27663 | Spider:1 | 27663 ||| INVOKING Heroism.
 27670 | Spider:1 | Received a gift from Okawaru
 27953 | Spider:2 | 27953 ||| STAIRDANCE
 28014 | Spider:2 | 28014 ||| INVOKING Finesse.
 28065 | Spider:2 | 28065 ||| Stepping ~*~*~tactically~*~*~ (stealth).
 28116 | Spider:2 | 28116 ||| INVOKING Heroism.
 28125 | Spider:2 | HP: 22/101 [jumping spider (10)]
 28126 | Spider:2 | 28126 ||| DRINKING potion of heal wounds.
 28211 | Spider:2 | 28211 ||| Stepping ~*~*~tactically~*~*~ (stealth).
 28212 | Spider:2 | 28212 ||| INVOKING Heroism.
 28247 | Spider:2 | 28247 ||| INVOKING Finesse.
 28450 | Spider:2 | 28450 ||| DRINKING potion of curing.
 28450 | Spider:2 | 28450 ||| (to cure confusion)
 28455 | Spider:2 | 28455 ||| Stepping ~*~*~tactically~*~*~ (stealth).
 28461 | Spider:2 | 28461 ||| Stepping ~*~*~tactically~*~*~ (stealth).
 28464 | Spider:2 | 28464 ||| INVOKING Heroism.
 28484 | Spider:2 | Reached skill level 16 in Shields
 28655 | Spider:2 | 28655 ||| INVOKING Heroism.
 28781 | Spider:2 | 28781 ||| Stepping ~*~*~tactically~*~*~ (stealth).
 28784 | Spider:2 | 28784 ||| Stepping ~*~*~tactically~*~*~ (hiding).
 28785 | Spider:2 | 28785 ||| Stepping ~*~*~tactically~*~*~ (hiding).
 28791 | Spider:2 | 28791 ||| INVOKING Heroism.
 28819 | Spider:2 | 28819 ||| Stepping ~*~*~tactically~*~*~ (stealth).
 28847 | Spider:2 | 28847 ||| Stepping ~*~*~tactically~*~*~ (stealth).
 28851 | Spider:2 | 28851 ||| INVOKING Heroism.
 28908 | Spider:2 | 28908 ||| Stepping ~*~*~tactically~*~*~ (stealth).
 28996 | Spider:2 | Received a gift from Okawaru
 28997 | Spider:2 | Reached XP level 17. HP: 93/106 MP: 24/24
 29047 | Spider:2 | 29047 ||| INVOKING Heroism.
 29491 | Spider:2 | 29491 ||| FLEEEEING.
 29492 | Spider:2 | 29492 ||| FLEEEEING.
 29493 | Spider:2 | 29493 ||| FLEEEEING.
 29494 | Spider:2 | 29494 ||| FLEEEEING.
 29495 | Spider:2 | 29495 ||| FLEEEEING.
 29496 | Spider:2 | 29496 ||| FLEEEEING.
 29497 | Spider:2 | 29497 ||| FLEEEEING.
 29498 | Spider:2 | 29498 ||| FLEEEEING.
 29499 | Spider:2 | 29499 ||| FLEEEEING.
 29500 | Spider:2 | 29500 ||| FLEEEEING.
 29501 | Spider:2 | 29501 ||| FLEEEEING.
 29502 | Spider:2 | 29502 ||| FLEEEEING.
 29503 | Spider:2 | 29503 ||| FLEEEEING.
 29504 | Spider:2 | 29504 ||| FLEEEEING.
 29505 | Spider:2 | 29505 ||| FLEEEEING.
 29506 | Spider:2 | 29506 ||| FLEEEEING.
 29507 | Spider:2 | 29507 ||| FLEEEEING.
 29508 | Spider:2 | 29508 ||| FLEEEEING.
 29509 | Spider:2 | 29509 ||| FLEEEEING.
 29510 | Spider:2 | 29510 ||| FLEEEEING.
 29511 | Spider:2 | 29511 ||| FLEEEEING.
 29512 | Spider:2 | 29512 ||| FLEEEEING.
 29513 | Spider:2 | 29513 ||| FLEEEEING.
 29514 | Spider:2 | 29514 ||| FLEEEEING.
 29515 | Spider:2 | 29515 ||| FLEEEEING.
 29516 | Spider:2 | 29516 ||| FLEEEEING.
 29517 | Spider:2 | 29517 ||| FLEEEEING.
 29518 | Spider:2 | 29518 ||| FLEEEEING.
 29519 | Spider:2 | 29519 ||| FLEEEEING.
 29520 | Spider:2 | 29520 ||| FLEEEEING.
 29521 | Spider:2 | 29521 ||| FLEEEEING.
 29522 | Spider:2 | 29522 ||| FLEEEEING.
 29523 | Spider:2 | 29523 ||| FLEEEEING.
 29524 | Spider:2 | 29524 ||| FLEEEEING.
 29525 | Spider:2 | 29525 ||| FLEEEEING.
 29526 | Spider:2 | 29526 ||| FLEEEEING.
 29527 | Spider:2 | 29527 ||| FLEEEEING.
 29528 | Spider:2 | 29528 ||| FLEEEEING.
 29533 | Spider:2 | Reached skill level 6 in Throwing
 29634 | Spider:2 | Received a gift from Okawaru
 29828 | Spider:2 | 29828 ||| INVOKING Heroism.
 30002 | Spider:2 | 30002 ||| INVOKING Heroism.
 30345 | Spider:2 | 30345 ||| DROPPING +1 pair of gloves of stealth.
 30382 | Spider:3 | 30382 ||| INVOKING Heroism.
 30390 | Spider:3 | HP: 23/106 [spark wasp (5)]
 30394 | Spider:3 | HP: 9/106 [meliai/divine providence (15)]
 30397 | Spider:3 | 30397 ||| INVOKING Finesse.
 30401 | Spider:3 | Reached skill level 17 in Shields
 30401 | Spider:3 | Mangled by a pharaoh ant

Levels and vault maps discovered:
D:1:      tarquinn_simple_flora_water_d, layout_loops_ring,
          minmay_misc_feat_alley
D:2:      wander_river, layout_basic, minmay_misc_feat_chi,
          kennysheep_generic_room_16
D:3:      layout_basic, mainiacjoe_overflow_catwalk, uniq_jessica
D:4:      layout_basic, uniq_natasha
D:5:      layout_basic
D:6:      layout_rooms, mainiacjoe_overflow_boulevard,
          minmay_fractal_squares_gapless_5
D:7:      layout_basic, temple_pool_b, serial_undead, serial_undead_c,
          serial_undead_e, serial_undead_a, serial_undead_c, serial_undead_f,
          nrook_campfire, uniq_menkaure, uniq_crazy_yiuf_cottage, uniq_pikel
D:8:      layout_loops_ring, erik_lair_dragon, kennysheep_generic_room_10
D:9:      layout_roguey, mrwooster_statue_mirror, uniq_joseph, uniq_maurice,
          uniq_gastronok, uniq_amaemon
D:10:     nicolae_BIG_FREAKIN_CUBE, layout_long_grid,
          nzn_hepliaklqana_mist_gate, ebering_ghost_disaster_area, st_stairs_2
D:11:     layout_loops_corners, david_orc_3
D:12:     layout_roguey
D:13:     layout_roguey, serial_shops, shop, minmay_misc_feat_tower, uniq_kirke
D:14:     minmay_triangles_in_corner, layout_small_grid, david_vaults_3,
          portal_ice_cave_entry_frozen_things, minmay_three_doors
D:15:     grunt_enter_depths_hoard, layout_loops_corners, led_sif_pool,
          serial_park_tiny_1, nicolae_eternal_life
Temple:   nicolae_temple_bog_church
Lair:1:   layout_small_grid, st_stairs_3, infiniplex_staircase_pool_2,
          serial_bayou_shore_a, lemuel_fruit_fields, lemuel_fruit_tree,
          uniq_grum
Lair:2:   layout_cellular_growth, nicolae_swamp_entry_splash_gauntlet,
          spider_nest_entry_funnel_web, special_room [special_room_bee]
Lair:3:   layout_layer_cave
Lair:4:   layout_roguey [special_room_mythical_zoo], slime_entry_2, basic_altar,
          serial_bayou_shore_b
Lair:5:   grunt_lair_end_beastmaster, layout_regular_city
Spider:1: layout_spider_delve
Spider:2: nicolae_spider_hilbert_zone_1 [nicolae_spider_hilbert_4_sides_1_open,
          nicolae_spider_hilbert_4_sides_1_open,
          nicolae_spider_hilbert_4_sides_1_open,
          nicolae_spider_hilbert_4_sides_1_open,
          nicolae_spider_hilbert_3_sides_1_open,
          nicolae_spider_hilbert_3_sides_1_open,
          nicolae_spider_hilbert_3_sides_1_open,
          nicolae_spider_hilbert_3_sides_1_open,
          nicolae_spider_hilbert_3_sides_1_open,
          nicolae_spider_hilbert_6_sides_1_open,
          nicolae_spider_hilbert_6_sides_1_open,
          nicolae_spider_hilbert_3_sides_1_open,
          nicolae_spider_hilbert_3_sides_1_open,
          nicolae_spider_hilbert_3_sides_1_open,
          nicolae_spider_hilbert_3_sides_1_open,
          nicolae_spider_hilbert_2_sides_1_open]
Spider:3: layout_spider_delve, guppyfry_hornet_nest,
          hangedman_spider_tarantella_strand, uniq_arachne, uniq_aizul
Orc:1:    layout_caves, nicolae_orc_flooded_monolith, minmay_shop_mass,
          rock_pile, uniq_erica
Orc:2:    hellmonk_orc_salted, layout_diamond_mine, uniq_nessos, uniq_urug

Skill      XL: |  1  2  3  4  5  6  7  8  9 10 11 12 13 14 15 16 17 |
---------------+----------------------------------------------------+-----
Axes           | 2 3 4 5 6 7 8 9 11 12 13 14 15 16 | 16.4
Fighting       | 4 5 7 8 9 10 11 12 | 12.0
Armour         | 4 6 7 8 9 11 13 | 13.0
Dodging        | 1 3 4 5 |  5.1
Throwing       | 1 2 5 6 |  6.0
Shields        | 4 5 6 11 12 13 16 17 | 17.0
Invocations    | 4 6 10 | 10.0

Action                   |  1- 3 |  4- 6 |  7- 9 | 10-12 | 13-15 | 16-18 || total
-------------------------+-------+-------+-------+-------+-------+-------++-------
Melee: War axe           |    32 |       |       |       |       |       ||    32
       Broad axe         |    98 |   141 |   225 |   543 |  1239 |   711 ||  2957
       Morningstar       |       |       |       |    15 |    24 |       ||    39
       Unarmed           |       |       |       |       |    10 |       ||    10
       Demon whip        |       |       |       |       |    15 |       ||    15
Throw: Boomerang         |       |       |    22 |    46 |    16 |    34 ||   118
       Javelin           |       |       |       |       |       |    69 ||    69
Invok: Heroism           |       |       |     2 |    32 |    47 |    32 ||   113
       Finesse           |       |       |       |     2 |    13 |     5 ||    20
  Use: Scroll            |     3 |     4 |     6 |     9 |    12 |     3 ||    37
       Potion            |     1 |     1 |     1 |     1 |     7 |     3 ||    14
 Stab: Distracted        |       |       |       |       |       |     1 ||     1
Armor: Scale mail        |    65 |    22 |       |       |       |       ||    87
       Plate armour      |       |   100 |   168 |   258 |   354 |   386 ||  1266
       Skin              |       |       |       |       |     3 |       ||     3
Dodge: Dodged            |    68 |    49 |    89 |   185 |   220 |   181 ||   792
Block: Buckler           |    26 |    27 |    51 |   172 |    25 |       ||   301
       Kite shield       |       |       |       |       |   980 |    36 ||  1016
       Tower shield      |       |       |       |       |       |   638 ||   638

Table legend:
 A = Non-vault XP
 B = Vault XP
 C = Vault XP percentage of total XP
 D = Non-vault monster count
 E = Vault monster count
 F = Vault count percentage of total count
                 A         B        C        D         E       F
            +---------+---------+-------+---------+---------+-------
      Total |  118571 |   73782 |  38.4 |     564 |     216 |  27.7
            +---------+---------+-------+---------+---------+-------
        D:1 |      33 |       0 |   0.0 |      21 |       0 |   0.0
        D:2 |      71 |      15 |  17.4 |      20 |       2 |   9.1
        D:3 |      21 |      37 |  63.8 |       9 |       1 |  10.0
        D:4 |     373 |      35 |   8.6 |      18 |       1 |   5.3
        D:5 |     661 |       0 |   0.0 |      13 |       0 |   0.0
        D:6 |     390 |      48 |  11.0 |      16 |       2 |  11.1
        D:7 |    1708 |    1677 |  49.5 |      17 |      18 |  51.4
        D:8 |    1826 |     933 |  33.8 |      20 |       5 |  20.0
        D:9 |    3896 |    3639 |  48.3 |      19 |       5 |  20.8
       D:10 |    2172 |     328 |  13.1 |      24 |       2 |   7.7
       D:11 |    3531 |     478 |  11.9 |      26 |       8 |  23.5
       D:12 |    8873 |       0 |   0.0 |      26 |       0 |   0.0
       D:13 |    7842 |    2041 |  20.7 |      17 |       4 |  19.0
       D:14 |   10737 |   20003 |  65.1 |      18 |      41 |  69.5
       D:15 |    8681 |    1828 |  17.4 |      27 |       2 |   6.9
     Lair:1 |    2732 |    1079 |  28.3 |      11 |       7 |  38.9
     Lair:2 |    5014 |    2499 |  33.3 |      26 |      20 |  43.5
     Lair:3 |    4811 |       0 |   0.0 |      24 |       0 |   0.0
     Lair:4 |   10813 |    6855 |  38.8 |      34 |      25 |  42.4
     Lair:5 |    4949 |    8845 |  64.1 |      12 |      19 |  61.3
   Spider:1 |   18314 |       0 |   0.0 |      68 |       0 |   0.0
   Spider:2 |   13881 |    8665 |  38.4 |      41 |      14 |  25.5
   Spider:3 |    2464 |       0 |   0.0 |       7 |       0 |   0.0
      Orc:1 |    2075 |    1677 |  44.7 |      23 |       6 |  20.7
      Orc:2 |    2703 |   13100 |  82.9 |      27 |      34 |  55.7
            +---------+---------+-------+---------+---------+-------
